 Dungeon Crawl Stone Soup version 0.26-a0-610-g3e9335bbc7 (webtiles) character file.

Game seed: 18363407293077458198

47199 Gargoyl the Fighter (level 14, -7/113 HPs)
             Began as a Gnoll Abyssal Knight on Sept 4, 2020.
             Was the Champion of Lugonu.
             Mangled by a death yak (19 damage)
             ... on level 6 of the Lair of Beasts.
             The game lasted 00:29:33 (23721 turns).

Gargoyl the Fighter (Gnoll Abyssal Knight)         Turns: 23721, Time: 00:29:34

Health: -7/113     AC: 25    Str: 25    XL:     14   Next: 40%
Magic:  27/27      EV: 13    Int: 18    God:    Lugonu [******]
Gold:   1122       SH:  9    Dex: 17    Spells: 31/31 levels left

rFire    . . .     SeeInvis .   A - +5 hand axe of Ascent {vorpal, rElec rPois Int+4 Dex-2}
rCold    . . .     Faith    .   u - +2 buckler
rNeg     + . .     Spirit   .   C - +1 plate armour of Inviolability {MR+}
rPois    +         Reflect  .   q - +2 helmet
rElec    +         Harm     .   I - scarf {repulsion}
rCorr    .                      g - +1 pair of gloves
MR       +++..                  d - +2 pair of boots
Stlth    ..........             (no amulet)
HPRegen  0.28/turn              h - +6 ring of strength
MPRegen  0.20/turn              j - ring "Focroteh" {rPois rN+ MR+ Dex+3}

@: repel missiles
A: distributed training, fangs 1, strong nose
a: Depart the Abyss, Bend Space, Banish, Corrupt, Enter the Abyss, Brand Weapon
With Distortion, Renounce Religion


You were on level 6 of the Lair of Beasts.
You worshipped Lugonu.
Lugonu was exalted by your worship.
You visited 2 branches of the dungeon, and saw 17 of its levels.
You visited the Abyss 1 time.
You also visited: Sewer and Bailey.

You collected 1309 gold pieces.
You spent 187 gold pieces at shops.

Inventory:

Hand Weapons
 a - a +4 hand axe of draining
 A - the +5 hand axe of Ascent (weapon) {vorpal, rElec rPois Int+4 Dex-2}
   (You found it on level 7 of the Dungeon)

   It inflicts extra damage upon your enemies.
   It affects your intelligence (+4).
   It affects your dexterity (-2).
   It insulates you from electricity.
   It protects you from poison.
 D - a +6 scimitar of flaming
Missiles
 i - 6 javelins (quivered)
Armour
 d - a +2 pair of boots (worn)
 g - a +1 pair of gloves (worn)
 q - a +2 helmet (worn)
 u - a +2 buckler (worn)
 C - the +1 plate armour of Inviolability (worn) {MR+}
   (You found it on level 8 of the Dungeon)

   It affects your resistance to hostile enchantments.
 I - a scarf of repulsion (worn)
Jewellery
 f - an uncursed ring of poison resistance
 h - a +6 ring of strength (left hand)
 j - the ring "Focroteh" (right hand) {rPois rN+ MR+ Dex+3}
   (You found it on level 9 of the Dungeon)

   [ring of protection from magic]

   It affects your dexterity (+3).
   It protects you from poison.
   It protects you from negative energy.
   It affects your resistance to hostile enchantments.
 z - a +6 ring of strength
Wands
 t - a wand of disintegration (8)
 v - a wand of digging (9)
 x - a wand of acid (34)
 y - a wand of flame (59)
 B - a wand of polymorph (24)
 H - a wand of random effects (38)
Scrolls
 b - 3 scrolls of identify
 e - a scroll of fog
 k - 14 scrolls of remove curse
 s - 4 scrolls of fear
 E - 3 scrolls of blinking
 F - 2 scrolls of brand weapon
 G - 3 scrolls of teleportation
 K - a scroll of torment
 L - 2 scrolls of enchant armour
Potions
 c - 4 potions of stabbing
 l - a potion of flight
 m - 3 potions of curing
 n - 8 potions of ambrosia
 o - 5 potions of brilliance
 p - a potion of magic
 w - 2 potions of cancellation


   Skills:
 + Level 11.1 Fighting
 + Level 9.2 Short Blades
 + Level 9.2 Long Blades
 + Level 10.2 Axes
 + Level 9.2 Maces & Flails
 + Level 9.2 Polearms
 + Level 9.2 Staves
 + Level 9.2 Slings
 + Level 9.2 Bows
 + Level 9.2 Crossbows
 + Level 9.2 Throwing
 + Level 10.2 Armour
 + Level 9.5 Dodging
 + Level 9.2 Stealth
 + Level 9.2 Shields
 + Level 9.2 Unarmed Combat
 + Level 9.2 Spellcasting
 + Level 7.6 Conjurations
 + Level 7.6 Hexes
 + Level 7.6 Summonings
 + Level 7.6 Necromancy
 + Level 7.6 Translocations
 + Level 7.6 Transmutations
 + Level 7.6 Fire Magic
 + Level 7.6 Ice Magic
 + Level 7.6 Air Magic
 + Level 7.6 Earth Magic
 + Level 7.6 Poison Magic
 + Level 10.9 Invocations
 + Level 9.2 Evocations


You had 31 spell levels left.
You didn't know any spells.
Your spell library contained the following spells:

 Spells                   Type           Power        Failure   Level
 Animate Skeleton         Necr           #####.       3%          1
 Pain                     Necr           ####         3%          1
 Shock                    Conj/Air       ####         3%          1
 Sting                    Tmut/Pois      ####         3%          1
 Summon Small Mammal      Summ           ####         3%          1
 Call Imp                 Summ           #####...     5%          2
 Poisonous Vapours        Pois/Air       #####.       5%          2
 Swiftness                Air            #####...     5%          2
 Call Canine Familiar     Summ           #####...     11%         3
 Ignite Poison            Fire/Tmut/Pois #####...     11%         3
 Mephitic Cloud           Conj/Pois/Air  #####...     11%         3
 Static Discharge         Conj/Air       #####...     11%         3
 Summon Guardian Golem    Hex/Summ       #####...     11%         3
 Vampiric Draining        Necr           #####.....   11%         3
 Airstrike                Air            #####.....   34%         4
 Animate Dead             Necr           #####.....   34%         4
 Olgreb's Toxic Radiance  Pois           #####...     34%         4
 Summon Ice Beast         Ice/Summ       #####...     34%         4
 Summon Lightning Spire   Summ/Air       #####...     34%         4
 Agony                    Necr           #####...     69%         5
 Irradiate                Conj/Tmut      #####.....   69%         5
 Lightning Bolt           Conj/Air       #####.....   69%         5
 Summon Forest            Summ/Tloc      #####.....   69%         5
 Hydra Form               Tmut           #####.....   99%         6
 Statue Form              Tmut/Erth      #####....    99%         6
 Dragon Form              Tmut           #####.....   100%        7


Dungeon Overview and Level Annotations

Branches:
Dungeon (11/15)            Temple (0/1) D:4            Lair (6/6) D:11
  Swamp (0/4) Lair:2        Snake (0/4) Lair:4        Slime (0/5) Lair:6
  Sewer (visited)          Bailey (visited)
    Orc: D:9-12

Altars:
Ashenzari
Dithmenos
Ru
Xom
Yredelemnul
The Shining One
Jiyva

Shops:
D:5 ?   D:6 [

Annotations:
D:3 1 runed translucent door
Lair:6 exclusion: oklob plant


Innate Abilities, Weirdness & Mutations

Your experience applies equally to all skills.
You have very sharp teeth.
Your uncanny sense of smell can sniff out nearby items.


Message History

You bite the death yak, but do no damage.
The death yak is moderately wounded.
The death yak gores you but does no damage.
You hit the death yak.
The death yak is moderately wounded.
You block the death yak's attack.
You hit the death yak but do no damage.
The death yak is moderately wounded.
The death yak gores you!
* * * LOW HITPOINT WARNING * * *
You hit the death yak but do no damage.
You bite the death yak, but do no damage.
The death yak is moderately wounded.
You barely miss the death yak. You bite the death yak.
The death yak is moderately wounded.
The death yak gores you but does no damage.
You hit the death yak.
The death yak is heavily wounded.
The death yak gores you!!
You die...

# ∆ #..P# #...#
#...# ∆#...# ∆
#..## # ∆ ∆ ##..#
# ∆ #†..# # ∆∆ ∆
##.Y.# ∆∆ #.@÷.#
#.## ∆∆ ##....#
##..# ∆∆ #....##
#.÷.## ##...##
.P...### ###.†.##
.......####...###
...........P.##
............##
.....÷...####


You could see a death yak.

Vanquished Creatures
  The ghost of Uvul the Destroyer, a journeyman OgWz of Vehumet (Lair:3)
  The ghost of Dog Tous the Zephyrmancer, a journeyman DgAE (Lair:3)
  Harold (D:10)
  Erolcha (D:10)
  5 hydras
  A catoblepas (Lair:6)
  Erica (D:9)
  A two-headed ogre (D:11)
  2 death yaks (Lair:6)
  Urug (Lair:6)
  2 lindwurms (Lair:5)
  An ugly thing (D:11)
  A cyclops (D:10)
  6 elephants (Lair:3)
  Joseph (D:10)
  2 black mambas
  8 cane toads
  A gargoyle (D:11)
  6 komodo dragons
  A rime drake (Lair:3)
  A kobold demonologist (D:11)
  A troll (D:10)
  A queen bee (Lair:3)
  A hornet (D:11)
  3 polar bears (Lair:6)
  7 hippogriffs
  26 blink frogs
  26 yaks
  A wyvern (D:11)
  A basilisk (D:11)
  4 fire bats (D:8)
  Grum (D:10)
  A steam dragon (Lair:3)
  3 swamp worms (Lair:2)
  6 nagas (Lair:4)
  15 water moccasins
  5 orc warriors
  10 porcupines
  3 ice beasts
  A hell hound (D:8)
  Purgy (Sewer)
  2 black bears
  A hornet zombie (D:9)
  2 eyes of draining
  2 sky beasts
  6 ogres
  A phantom (D:10)
  9 wolves
  8 centaurs
  11 crocodiles
  2 big kobolds
  A gnoll sergeant (D:8)
  24 bullfrogs
  2 scorpions (D:9)
  4 jellies
  33 killer bees
  The ghost of Ywein the Skirmisher, a weakling FoAK of Lugonu (D:3)
  5 wights (D:6)
  3 howler monkeys
  7 electric eels
  2 lava snakes (D:8)
  4 hounds
  3 quasits
  A bullfrog zombie (D:6)
  3 centaur zombies
  2 gnoll shamans (D:5)
  4 orc priests
  12 orc wizards
  A centaur skeleton (D:7)
  Jessica (D:3)
  5 iguanas
  12 worker ants
  A hound skeleton (D:10)
  17 gnolls
  A howler monkey skeleton (D:9)
  2 river rats (D:4)
  23 adders
  2 shadow imps
  3 white imps
  3 ufetubi
  2 adder zombies (D:9)
  An adder skeleton (D:7)
  3 worms
  A dart slug (D:2)
  7 leopard geckos
  34 orcs
  3 ball pythons
  5 giant cockroaches
  6 goblins
  4 hobgoblins
  18 jackals
  18 kobolds
  4 quokkas
  A ball python skeleton (D:4)
  11 bats
  9 frilled lizards
  A leopard gecko skeleton (D:7)
  A quokka zombie (D:7)
  16 rats
533 creatures vanquished.

Vanquished Creatures (others)
  3 fire vortices (D:8)
  51 fungi
  89 plants
143 creatures vanquished.

Grand Total: 676 creatures vanquished

Notes
Turn   | Place    | Note
-------+----------+-------------------------------------------
     0 | Abyss:1  | Gargoyl the Gnoll Abyssal Knight began the quest for the
                  | Orb.
     0 | Abyss:1  | Reached XP level 1. HP: 23/23 MP: 3/3
    71 | Abyss:1  | Noticed a large abomination
    81 | Abyss:1  | Noticed a large abomination
   101 | D:1      | Escaped the Abyss
   265 | D:1      | Reached XP level 2. HP: 29/29 MP: 5/5
   270 | D:1      | Reached * piety under Lugonu
   527 | D:1      | Reached XP level 3. HP: 35/35 MP: 6/6
   852 | D:2      | Reached ** piety under Lugonu
   904 | D:2      | Reached skill level 1 in Short Blades
   904 | D:2      | Reached skill level 1 in Long Blades
   904 | D:2      | Reached skill level 1 in Maces & Flails
   904 | D:2      | Reached skill level 1 in Polearms
   904 | D:2      | Reached skill level 1 in Staves
   904 | D:2      | Reached skill level 1 in Slings
   904 | D:2      | Reached skill level 1 in Bows
   904 | D:2      | Reached skill level 1 in Crossbows
   904 | D:2      | Reached skill level 1 in Throwing
   904 | D:2      | Reached skill level 1 in Stealth
   904 | D:2      | Reached skill level 1 in Shields
   904 | D:2      | Reached skill level 1 in Unarmed Combat
   904 | D:2      | Reached skill level 1 in Spellcasting
   904 | D:2      | Reached skill level 1 in Evocations
   921 | D:2      | Reached XP level 4. HP: 30/41 MP: 7/7
  1294 | D:2      | Reached skill level 1 in Conjurations
  1294 | D:2      | Reached skill level 1 in Hexes
  1294 | D:2      | Reached skill level 1 in Summonings
  1294 | D:2      | Reached skill level 1 in Necromancy
  1294 | D:2      | Reached skill level 1 in Translocations
  1294 | D:2      | Reached skill level 1 in Transmutations
  1294 | D:2      | Reached skill level 1 in Fire Magic
  1294 | D:2      | Reached skill level 1 in Ice Magic
  1294 | D:2      | Reached skill level 1 in Air Magic
  1294 | D:2      | Reached skill level 1 in Earth Magic
  1294 | D:2      | Reached skill level 1 in Poison Magic
  1420 | D:2      | Reached XP level 5. HP: 43/47 MP: 8/8
  1865 | D:3      | Found a runed translucent door.
  2056 | D:3      | Found a runed translucent door.
  2059 | D:3      | Noticed Ywein's ghost (weakling FoAK)
  2070 | D:3      | Reached skill level 5 in Invocations
  2070 | D:3      | Reached XP level 6. HP: 49/53 MP: 9/9
  2084 | D:3      | Killed Ywein's ghost
  2084 | D:3      | Reached skill level 5 in Axes
  2084 | D:3      | Reached skill level 5 in Armour
  2296 | D:3      | Noticed Jessica
  2306 | D:3      | Killed Jessica
  2313 | D:3      | Found a shadowy altar of Dithmenos.
  2556 | D:4      | Found a shattered altar of Ashenzari.
  2616 | D:4      | Found a staircase to the Ecumenical Temple.
  2672 | D:4      | Reached skill level 7 in Fighting
  2672 | D:4      | Reached XP level 7. HP: 44/60 MP: 10/10
  2825 | D:4      | Found a glowing drain.
  2833 | Sewer    | Entered a sewer
  2911 | Sewer    | Noticed Purgy
  2930 | Sewer    | Killed Purgy
  3017 | D:4      | Reached *** piety under Lugonu
  3476 | D:5      | Entered Level 5 of the Dungeon
  3904 | D:5      | You fall into a shaft and drop 3 floors!
  3920 | D:8      | Reached XP level 8. HP: 52/67 MP: 12/12
  4215 | D:8      | Found a sacrificial altar of Ru.
  4224 | D:8      | Found a glowing golden altar of the Shining One.
  4290 | D:8      | Found a flagged portal.
  4300 | Bailey   | Entered a bailey
  4315 | D:8      | Noticed a brown ugly thing
  4327 | D:8      | Banished a brown ugly thing
  4532 | D:7      | Reached XP level 9. HP: 66/73 MP: 14/14
  5133 | D:6      | Found a basalt altar of Yredelemnul.
  5153 | D:6      | Reached skill level 5 in Dodging
  5330 | D:6      | Reached **** piety under Lugonu
  5620 | D:5      | Found Fohuhil's Magic Scroll Emporium.
  6146 | D:6      | Reached skill level 8 in Fighting
  6286 | D:6      | Found Axkotewn's Antique Armour Emporium.
  6289 | D:6      | Bought a pair of glowing boots for 187 gold pieces
  7200 | D:7      | Got an ichor-stained hand axe
  7201 | D:7      | Identified the +5 hand axe of Ascent {vorpal, rElec rPois
                  | Int+4 Dex-2} (You found it on level 7 of the Dungeon)
  7251 | D:8      | Reached XP level 10. HP: 80/80 MP: 17/17
  7543 | D:8      | Reached skill level 5 in Short Blades
  7543 | D:8      | Reached skill level 5 in Long Blades
  7543 | D:8      | Reached skill level 5 in Maces & Flails
  7543 | D:8      | Reached skill level 5 in Polearms
  7543 | D:8      | Reached skill level 5 in Staves
  7543 | D:8      | Reached skill level 5 in Slings
  7543 | D:8      | Reached skill level 5 in Bows
  7543 | D:8      | Reached skill level 5 in Crossbows
  7543 | D:8      | Reached skill level 5 in Throwing
  7543 | D:8      | Reached skill level 5 in Stealth
  7543 | D:8      | Reached skill level 5 in Shields
  7543 | D:8      | Reached skill level 5 in Unarmed Combat
  7543 | D:8      | Reached skill level 5 in Spellcasting
  7543 | D:8      | Reached skill level 5 in Evocations
  7830 | D:8      | Reached ***** piety under Lugonu
  8202 | D:8      | Got a polished plate armour
  8213 | D:8      | Identified the cursed +1 plate armour of Inviolability
                  | {MR+} (You found it on level 8 of the Dungeon)
  8515 | D:9      | Got a heavily runed granite ring
  8548 | D:8      | Identified the ring "Focroteh" {rPois rN+ MR+ Dex+3} (You
                  | found it on level 9 of the Dungeon)
  8985 | D:9      | Noticed Erica
  9000 | D:9      | Killed Erica
  9254 | D:9      | Found a shimmering altar of Xom.
  9338 | D:10     | Entered Level 10 of the Dungeon
  9361 | D:10     | Noticed Joseph
  9373 | D:10     | Killed Joseph
  9373 | D:10     | Reached XP level 11. HP: 75/87 MP: 19/19
  9452 | D:10     | Noticed a cyclops
  9453 | D:10     | Reached skill level 9 in Fighting
  9478 | D:10     | Killed a cyclops
  9478 | D:10     | Reached skill level 5 in Conjurations
  9478 | D:10     | Reached skill level 5 in Hexes
  9478 | D:10     | Reached skill level 5 in Summonings
  9478 | D:10     | Reached skill level 5 in Necromancy
  9478 | D:10     | Reached skill level 5 in Translocations
  9478 | D:10     | Reached skill level 5 in Transmutations
  9478 | D:10     | Reached skill level 5 in Fire Magic
  9478 | D:10     | Reached skill level 5 in Ice Magic
  9478 | D:10     | Reached skill level 5 in Air Magic
  9478 | D:10     | Reached skill level 5 in Earth Magic
  9478 | D:10     | Reached skill level 5 in Poison Magic
  9655 | D:10     | Noticed Harold
  9691 | D:10     | Killed Harold
 10901 | D:10     | Noticed Grum
 10902 | D:10     | Noticed Erolcha
 10921 | D:10     | Killed Erolcha
 10941 | D:10     | Killed Grum
 11302 | D:11     | Reached ****** piety under Lugonu
 11840 | D:11     | Found a staircase to the Lair.
 11851 | D:11     | Reached XP level 12. HP: 73/96 MP: 22/22
 12246 | D:11     | Noticed a two-headed ogre
 12261 | D:11     | Killed a two-headed ogre
 13117 | Lair:1   | Entered Level 1 of the Lair of Beasts
 13449 | Lair:1   | Identified a scroll of acquirement
 13449 | Lair:1   | Acquired a scarf of repulsion
 14335 | Lair:2   | Reached skill level 10 in Fighting
 15229 | Lair:2   | Noticed an eight-headed hydra
 15240 | Lair:2   | Killed a one-headed hydra
 15241 | Lair:2   | Noticed a four-headed hydra
 15249 | Lair:2   | Killed a one-headed hydra
 15526 | Lair:2   | Found a staircase to the Swamp.
 15807 | Lair:3   | Reached XP level 13. HP: 94/103 MP: 24/24
 16253 | Lair:3   | Reached skill level 10 in Invocations
 16716 | Lair:3   | Found a runed translucent gate.
 16717 | Lair:3   | Found a runed translucent gate.
 16718 | Lair:3   | Found a runed translucent gate.
 16723 | Lair:3   | Noticed Dog Tous's ghost (journeyman DgAE)
 16723 | Lair:3   | Noticed Uvul's ghost (journeyman OgWz)
 16751 | Lair:3   | Killed Dog Tous's ghost
 16765 | Lair:3   | Killed Uvul's ghost
 19843 | Lair:4   | Found a staircase to the Snake Pit.
 21565 | Lair:5   | Identified the Almanac of Supportive Air
 21568 | Lair:5   | Got a polished hand axe
 21871 | Lair:5   | Identified the cursed +1 hand axe "Zasoako" {freeze, rN+
                  | Int+2} (You found it on level 5 of the Lair of Beasts)
 22101 | Lair:6   | Entered Level 6 of the Lair of Beasts
 22124 | Lair:5   | Reached XP level 14. HP: 53/111 MP: 26/26
 22429 | Lair:6   | Reached skill level 10 in Axes
 22429 | Lair:6   | Reached skill level 10 in Armour
 22490 | Lair:6   | Reached skill level 11 in Fighting
 22736 | Lair:6   | Found a staircase to the Slime Pits.
 22745 | Lair:6   | Found a viscous altar of Jiyva.
 23023 | Lair:6   | Noticed Urug
 23133 | Lair:6   | Killed Urug
 23721 | Lair:6   | Mangled by a death yak

Illustrated notes

Levels and vault maps discovered:
D:1:      lightli_arrival_statuegarden, layout_rooms, minmay_fountain_box,
          st_stairs_12
D:2:      layout_basic
D:3:      layout_loops_ring, lemuel_coloured_pillars_altar,
          ebering_ghost_sewer_f, uniq_jessica
D:4:      layout_basic, evilmike_ruin_ashenzari,
          minmay_temple_entry_gardened_gates, lightli_sewer_entry_pipes
D:5:      layout_basic, serial_shops, shop_fountains
D:6:      layout_gridville, lemuel_crystal_altar, serial_shops,
          nicolae_shop_behind_doors
D:7:      layout_gridville, minmay_quadrilaterals
D:8:      layout_gridville, amethyst_overflow_temple_binary, enter_bailey_2,
          grunt_decor_one_mirror, dk_noncrumbling_3, hangedman_incinerator
D:9:      layout_rooms, brannock_xom_greatest_gift, uniq_erica
D:10:     layout_roguey, uniq_erolcha, uniq_grum, uniq_joseph, uniq_harold
D:11:     layout_long_grid, david_lair_generic, serial_bayou,
          serial_bayou_crossing, serial_bayou_pond_a, serial_bayou_pond_b,
          serial_bayou_ford_a, serial_bayou_lake_a, minmay_checkerbox
Lair:1:   layout_loops_ring, beast_lair_carwin_2
Lair:2:   layout_gridlike, palyth_hydra_swamp_entry
Lair:3:   layout_small_grid, gammafunk_ghost_cemetery, special_room
          [special_room_bee], st_stairs_3
Lair:4:   layout_loops_ring, minmay_snake_entry_guardpost_large
Lair:5:   layout_layer_cave, minmay_lindwurm_lava, grunt_megastairs_4
Lair:6:   grunt_lair_end_beastmaster, layout_layer_cave, slime_altar_1,
          serial_bayou_shore_a, uniq_urug

Skill      XL: |  1  2  3  4  5  6  7  8  9 10 11 12 13 14 |
---------------+-------------------------------------------+-----
Short Blades   | 1 2 3 4 5 6 7 8 9 |  9.2
Long Blades    | 1 2 3 4 5 6 7 8 9 |  9.2
Maces & Flails | 1 2 3 4 5 6 7 8 9 |  9.2
Polearms       | 1 2 3 4 5 6 7 8 9 |  9.2
Staves         | 1 2 3 4 5 6 7 8 9 |  9.2
Slings         | 1 2 3 4 5 6 7 8 9 |  9.2
Bows           | 1 2 3 4 5 6 7 8 9 |  9.2
Crossbows      | 1 2 3 4 5 6 7 8 9 |  9.2
Throwing       | 1 2 3 4 5 6 7 8 9 |  9.2
Stealth        | 1 2 3 4 5 6 7 8 9 |  9.2
Shields        | 1 2 3 4 5 6 7 8 9 |  9.2
Unarmed Combat | 1 2 3 4 5 6 7 8 9 |  9.2
Spellcasting   | 1 2 3 4 5 6 7 8 9 |  9.2
Evocations     | 1 2 3 4 5 6 7 8 9 |  9.2
Conjurations   | 1 2 3 4 5 6 7 |  7.6
Hexes          | 1 2 3 4 5 6 7 |  7.6
Summonings     | 1 2 3 4 5 6 7 |  7.6
Necromancy     | 1 2 3 4 5 6 7 |  7.6
Translocations | 1 2 3 4 5 6 7 |  7.6
Transmutations | 1 2 3 4 5 6 7 |  7.6
Fire Magic     | 1 2 3 4 5 6 7 |  7.6
Ice Magic      | 1 2 3 4 5 6 7 |  7.6
Air Magic      | 1 2 3 4 5 6 7 |  7.6
Earth Magic    | 1 2 3 4 5 6 7 |  7.6
Poison Magic   | 1 2 3 4 5 6 7 |  7.6
Dodging        | 3 4 5 6 7 8 9 |  9.5
Invocations    | 5 6 7 8 9 10 | 10.9
Axes           | 5 6 7 8 9 10 | 10.2
Armour         | 5 6 7 8 9 10 | 10.2
Fighting       | 7 8 9 10 11 | 11.1

Action                   |  1- 3 |  4- 6 |  7- 9 | 10-12 | 13-15 || total
-------------------------+-------+-------+-------+-------+-------++-------
Melee: Hand axe          |    91 |   118 |   393 |   872 |   659 ||  2133
       Bite              |    13 |    20 |    50 |   153 |   140 ||   376
       Punch             |       |       |     1 |       |       ||     1
       Scimitar          |       |       |       |    17 |    23 ||    40
Throw: Javelin           |       |       |       |       |     4 ||     4
Invok: Depart the Abyss  |     1 |       |       |       |       ||     1
       Banish            |       |       |     2 |       |     4 ||     6
       Bend Space        |       |       |       |       |     3 ||     3
Evoke: Wand              |       |       |       |     1 |       ||     1
  Use: Scroll            |     9 |     6 |     8 |     8 |    12 ||    43
       Potion            |       |       |       |     1 |     8 ||     9
 Stab: Petrified         |       |       |       |       |    22 ||    22
Armor: Ring mail         |    22 |       |       |       |       ||    22
       Leather armour    |     2 |       |       |       |       ||     2
       Chain mail        |    39 |    61 |   248 |    52 |       ||   400
       Plate armour      |       |       |       |   395 |   463 ||   858
Dodge: Dodged            |    70 |    66 |   256 |   407 |   436 ||  1235
       Repelled          |       |       |       |     2 |     3 ||     5
Block: Buckler           |       |       |   100 |   351 |   389 ||   840
       Rpst.: Scimitar   |       |       |       |     2 |     1 ||     3

Table legend: (Time is in decaauts)
 A = Elapsed time spent in this place.
 B = Non-inter-level travel time spent in this place.
 C = Inter-level travel time spent in this place.
 D = Time resting spent in this place.
 E = Time spent auto-exploring this place.
 F = Levels seen in this place.
 G = Mean time per level.
                   A        B        C        D        E       F      G
               +--------+--------+--------+--------+--------+-----+--------+
         Total |  23651 |  23254 |    397 |   7268 |  11582 |  20 | 1182.6 |
       Dungeon |  12913 |  12639 |    274 |   2697 |   7298 |  11 | 1173.9 |
          Lair |  10456 |  10333 |    123 |   4571 |   4115 |   6 | 1742.7 |
         Abyss |    101 |    101 |      0 |      0 |     55 |   1 |  101.0 |
         Sewer |    172 |    172 |      0 |      0 |    111 |   1 |  172.0 |
        Bailey |      6 |      6 |      0 |      0 |      2 |   1 |    6.0 |
               +--------+--------+--------+--------+--------+-----+--------+

Top non-repeatable levels by time:
  Lair:5: 2579 daAuts
  Lair:2: 2227 daAuts
  Lair:3: 2189 daAuts
    D:10: 1932 daAuts
    D:11: 1870 daAuts
     D:8: 1828 daAuts
  Lair:4: 1540 daAuts
     D:6: 1483 daAuts
  Lair:6: 1055 daAuts
     D:2: 1035 daAuts
     D:4: 963 daAuts
     D:5: 867 daAuts
  Lair:1: 864 daAuts
     D:7: 845 daAuts
     D:9: 819 daAuts
